 Dungeon Crawl Stone Soup version 0.25-a0-578-gc91f01c (webtiles) character file.

Game seed: 1028791809822159011, levelgen mode: deterministic

52 Faels the Slasher (level 3, 0/29 HPs)
             Began as a Demonspawn Fighter on Mar 5, 2020.
             Slain by a worm (7 damage)
             ... on level 2 of the Dungeon.
             The game lasted 00:03:23 (1196 turns).

Faels the Slasher (Demonspawn Fighter)              Turns: 1196, Time: 00:03:24

Health: 0/29       AC:  6    Str: 16    XL:     3   Next: 60%
Magic:  3/3        EV:  7    Int:  9    God:
Gold:   20         SH:  8    Dex: 13    Spells: 2/2 levels left

rFire    . . .     SeeInvis .   a - +0 long sword
rCold    . . .     Gourm    .   c - +0 kite shield
rNeg     . . .     Faith    .   b - +0 scale mail
rPois    .         Spirit   .   (no helmet)
rElec    .         Reflect  .   (no cloak)
rCorr    .         Harm     .   (no gloves)
MR       .....                  (no boots)
Stlth    ..........             (no amulet)
HPRegen  0.09/turn              (no ring)
MPRegen  0.08/turn              (no ring)

@: lethally poisoned (0 -> -1)
A: powered by death 1
a: no special abilities


You were on level 2 of the Dungeon.
You were not hungry.

You visited 1 branch of the dungeon, and saw 2 of its levels.

You collected 20 gold pieces.

Inventory:

Hand Weapons
 a - a +0 long sword (weapon)
 g - a +2 short sword of protection
Armour
 b - a +0 scale mail (worn)
 c - a +0 kite shield (worn)
Jewellery
 h - an uncursed ring of poison resistance {unknown}
 k - an uncursed ring of protection from fire {unknown}
Scrolls
 e - 2 scrolls of random uselessness {unknown}
 j - a scroll of amnesia {unknown}
Potions
 d - 3 potions of might
 l - a potion of degeneration {unknown}
Comestibles
 f - a ration
 i - 9 chunks of flesh


   Skills:
 - Level 3.0 Fighting
 * Level 3.4 Long Blades
 - Level 2.6 Armour
 - Level 1.0 Dodging
 - Level 2.6 Shields


You had 2 spell levels left.
You didn't know any spells.
Your spell library was empty.

Dungeon Overview and Level Annotations

Branches:
Dungeon (2/15)

Altars:
Wu Jian


Innate Abilities, Weirdness & Mutations

You regenerate a little health from kills.


Message History

The worm is moderately wounded.
You feel sick. The worm misses you.
You riposte.
You barely miss the worm.
The worm is moderately wounded.
You completely miss the worm.
The worm is moderately wounded.
You hit the worm.
The worm is moderately wounded.
The worm completely misses you.
You riposte.
You hit the worm but do no damage.
The worm is moderately wounded.
Your shield and scale mail prevent you from hitting the worm.
The worm is moderately wounded.
You feel sick. The worm bites you!
You slash the worm!
The worm is heavily wounded.
The worm bites you!
* * * LOW HITPOINT WARNING * * *
You barely miss the worm.
The worm is heavily wounded.
The worm bites you!
You die...

#. #. . ... .. ..
# #.. .# w.. .#
#.###.# ...# .#
######
#.##..#g..# ..#
.....#
#.##...w###..#
#.##.#
#.##.####...#
#.##.#
#..#..ww@.#
#.##.#
#...).g####
#.##.####รท######
..........#
#.##.####.......
#.##.# #.######
#.##.# #.# #..
..# ### ###


You could see 2 worms and a hobgoblin.

Vanquished Creatures
  2 adders
  A worm (D:2)
  A dart slug (D:1)
  A leopard gecko (D:1)
  4 goblins
  4 hobgoblins
  3 jackals (D:1)
  2 bats
  2 frilled lizards (D:2)
  5 kobolds
  4 rats
29 creatures vanquished.

Notes
Turn   | Place    | Note
-------+----------+-------------------------------------------
     0 | D:1      | Faels the Demonspawn Fighter began the quest for the Orb.
     0 | D:1      | Reached XP level 1. HP: 18/18 MP: 1/1
   269 | D:1      | Gained mutation: You regenerate a little health from kills.
                  | [demonic ancestry]
   269 | D:1      | Reached XP level 2. HP: 21/24 MP: 2/2
   629 | D:1      | Reached skill level 1 in Dodging
   933 | D:1      | Reached XP level 3. HP: 28/29 MP: 3/3
  1056 | D:2      | Found an ornate altar of the Wu Jian Council.
  1196 | D:2      | Slain by a worm

Levels and vault maps discovered:
D:1:      wander_arrival_fairy_ring, layout_basic
D:2:      minmay_evil_eye, layout_loops_ring, nicolae_overflow_crystal_walls,
          lemuel_altar_in_water

Skill      XL: |  1  2 |
---------------+-------+-----
Long Blades    | 2 3 |  3.4
Dodging        | 1 |  1.0
Fighting       | |  3.0
Armour         | |  2.6
Shields        | |  2.6

Action                   || total
-------------------------++-------
Melee: Long sword        ||   136
  Eat: Chunk             ||     1
Armor: Scale mail        ||    69
Dodge: Dodged            ||    42
Block: Kite shield       ||    65
       Rpst.: Long sword ||     9

Table legend:
 A = Non-vault XP
 B = Vault XP
 C = Vault XP percentage of total XP
 D = Non-vault monster count
 E = Vault monster count
 F = Vault count percentage of total count
                 A         B        C        D         E       F
            +---------+---------+-------+---------+---------+-------
      Total |      55 |      20 |  26.7 |      26 |       3 |  10.3
            +---------+---------+-------+---------+---------+-------
        D:1 |      45 |       0 |   0.0 |      19 |       0 |   0.0
        D:2 |      10 |      20 |  66.7 |       7 |       3 |  30.0
            +---------+---------+-------+---------+---------+-------
